Map: Ulrena

Players

TheKratoss - Winner!

  • Race: Zerg Zerg
  • League: Master

Spark

  • Race: Zerg Zerg
  • League: Master

VOD

Have the link to the VOD?

Description

Time

  • Played on: April 19, 2016, 11:08 p.m.
  • Length: 18:26
Show
View Real Time Build Order
Export as new Build Order

TheKratoss Zerg - Winner!

Build Orders: Hatch First, Zergling Baneling 

Get SALT Encoding   

  12  0:02  Drone  
  13  0:13  Overlord  
  13  0:17  Drone  
  14  0:25  Extractor  
  14  0:26  Drone  
  15  0:33  Drone  
  16  0:40  Drone  
  17  0:58  Hatchery  
  16  1:12  Spawning Pool  
  16  1:14  Drone, Extractor  
  16  1:17  Drone  
  16  1:22  Drone  
  16  1:25  Drone  
  18  1:36  Drone  
  19  1:48  Overlord  
  19  2:04  Drone, Queen  
  22  2:14  Zergling x4  
  22  2:15  Queen  
  26  2:19  Baneling Nest  
  26  2:21  Zergling x4  
  27  2:30  Zergling x2  
  27  2:36  Zergling x2  
  29  2:42  Zergling x2  
  27  2:44  Zergling x2  
  27  2:48  Metabolic Boost  
  27  2:57  Queen  
  28  3:04  Queen  
  28  3:06  Baneling  
  28  3:07  Baneling  
  28  3:11  Baneling  
  28  3:16  Drone x3  
  30  3:33  Zergling x10  
  24  3:44  Drone  
  25  3:57  Baneling  
  25  3:58  Baneling  
  25  4:03  Drone x3  
  25  4:07  Drone  
  28  4:16  Zergling x4  
  28  4:18  Baneling  
  28  4:19  Baneling  
  28  4:26  Drone  
  29  4:32  Drone x2  
  31  4:39  Spine Crawler, Baneling  
  30  4:50  Zergling x2  
  30  4:51  Zergling x4  
  33  4:59  Drone x3  
  36  5:20  Evolution Chamber  
  35  5:21  Queen, Roach Warren  
  35  5:24  Overlord  
  36  5:39  Overlord  
  36  5:45  Drone x6  
  42  5:54  Zergling x2  
  42  5:55  Zergling x4  
  44  6:00  Queen  
  39  6:18  Drone x8  
  46  6:20  Drone  
  46  6:23  Extractor  
  46  6:35  Drone x3  
  46  6:37  Zerg Missile Weapons Level 1  
  49  7:09  Extractor  
  49  7:15  Drone x3  
  51  7:17  Overlord x4  
  51  7:19  Zergling x2  
  52  7:34  Lair  
  52  7:37  Extractor  
  52  7:42  Drone x3  
  52  7:43  Drone  
  55  7:46  Drone, Hatchery  
  55  7:53  Drone x2  
  55  7:54  Drone x4  
  55  7:55  Drone x2, Spine Crawler  
  55  7:56  Spine Crawler  
  55  7:57  Spine Crawler  
  55  7:58  Spine Crawler  
  59  8:06  Roach  
  59  8:07  Roach, Extractor  
  59  8:08  Extractor  
  61  8:16  Roach x3  
  61  8:17  Roach x3  
  73  8:24  Roach  
  75  8:39  Queen  
  77  8:46  Roach x3  
  77  8:47  Overlord  
  77  8:48  Overlord x4  
  83  8:53  Spire  
  82  8:59  Spine Crawler  
  82  9:01  Ravager  
  82  9:02  Ravager  
  83  9:03  Baneling x8  
  83  9:05  Ravager  
  84  9:14  Queen  
  86  9:29  Drone x3  
  86  9:30  Drone x3  
  86  9:31  Drone x5  
  97  10:06  Overlord x3  
  97  10:07  Zerg Flyer Armor Level 1  
  96  10:17  Queen  
  97  10:23  Queen x2  
  97  10:28  Mutalisk x7  
  95  10:30  Mutalisk  
  95  10:35  Mutalisk x2  
  95  10:38  Mutalisk  
  94  10:43  Mutalisk  
  94  10:49  Zergling x10  
  90  11:12  Mutalisk x3  
  90  11:13  Mutalisk  
  90  11:15  Zergling x6  
  89  11:19  Mutalisk  
  88  11:27  Mutalisk  
  81  11:33  Mutalisk  
  81  11:35  Queen x2  
  81  11:36  Queen  
  86  11:43  Drone x4  
  90  11:47  Mutalisk  
  90  11:54  Zergling x6  
  93  11:56  Drone  
  93  12:01  Centrifical Hooks  
  94  12:10  Drone  
  94  12:11  Drone x3, Queen  
  100  12:21  Mutalisk x2  
  104  12:23  Zergling x6  
  104  12:27  Overlord  
  107  12:33  Baneling x7  
  107  12:34  Baneling  
  107  12:46  Baneling x5  
  107  12:47  Zergling x6, Baneling x3  
  94  13:04  Mutalisk x4  
  88  13:06  Zergling x2  
  88  13:07  Zergling x4  
  88  13:11  Mutalisk  
  79  13:20  Mutalisk  
  79  13:21  Mutalisk x2  
  85  13:28  Mutalisk  
  87  13:39  Mutalisk x2  
  91  13:41  Drone  
  91  13:42  Drone x5  
  91  13:46  Baneling  
  91  13:47  Baneling x4  
  97  13:50  Baneling  
  97  13:52  Zergling x4  
  99  13:57  Zerg Melee Weapons Level 1  
  99  14:00  Zergling x4  
  101  14:12  Zergling x14  
  98  14:27  Baneling x8  
  98  14:35  Mutalisk x4  
  106  14:57  Hydralisk Den  
  106  14:58  Baneling x10  
  105  15:00  Mutalisk  
  107  15:07  Hatchery  
  106  15:24  Overlord x3  
  106  15:26  Lurker Den  
  106  15:43  Zergling x2  
  106  15:44  Zergling x16  
  106  15:46  Hydralisk  
  106  15:47  Hydralisk x3  
  123  16:11  Zergling x24  
  125  16:17  Mutalisk x3  
  101  16:33  Spire  
  92  16:41  Zergling x10  
  97  16:50  Overlord x2  
  94  17:03  Hydralisk x4  
  94  17:07  Hydralisk  
  94  17:08  Hydralisk  
  106  17:20  Hydralisk  
  106  17:34  Extractor  
  106  17:35  Lurker x6, Extractor  
  110  17:37  Baneling x6  
  110  17:38  Baneling x4  
  110  17:39  Zergling x10  
  113  17:55  Lurker  
  113  17:56  Zergling x2  
  113  17:57  Zergling x16  
  121  18:02  Zergling x2  
  121  18:03  Zergling x4  
Show
View Real Time Build Order
Export as new Build Order

Spark Zerg 

Build Orders: Pool First, Zergling Baneling 

Get SALT Encoding   

  12  0:01  Drone  
  13  0:08  Drone  
  13  0:13  Extractor  
  13  0:16  Drone  
  14  0:33  Spawning Pool  
  13  0:35  Drone  
  13  0:41  Extractor  
  13  0:43  Drone  
  15  0:52  Overlord  
  15  1:20  Metabolic Boost  
  15  1:21  Zergling x2  
  15  1:22  Zergling x4  
  18  1:33  Queen, Zergling x2  
  21  1:43  Zergling x2  
  22  2:06  Hatchery  
  21  2:10  Zergling x2  
  23  2:17  Overlord  
  23  2:19  Baneling Nest  
  22  2:36  Zergling x4  
  24  2:38  Zergling x2  
  24  2:42  Zergling x2  
  24  2:43  Zergling x2  
  24  2:44  Zergling x2  
  26  2:50  Zergling x2  
  25  2:59  Zergling x2  
  24  3:05  Baneling x3  
  24  3:06  Baneling  
  24  3:09  Baneling x2  
  24  3:11  Zergling x2  
  25  3:16  Zergling x4  
  28  3:20  Zergling x2  
  28  3:26  Zergling x2  
  24  3:34  Zergling x2  
  23  3:44  Zergling x2  
  23  3:46  Drone x3  
  26  3:58  Drone  
  26  4:16  Zergling x2  
  24  4:21  Hatchery, Baneling  
  24  4:22  Baneling  
  23  4:25  Zergling x2  
  23  4:28  Zergling x2  
  23  4:30  Baneling  
  25  4:33  Zergling x2  
  25  4:37  Drone  
  27  4:40  Drone  
  28  4:50  Drone  
  29  4:56  Overlord  
  29  4:59  Overlord  
  29  5:07  Drone  
  29  5:14  Queen  
  29  5:16  Drone  
  29  5:20  Drone  
  33  5:24  Drone  
  33  5:26  Drone  
  35  5:30  Drone  
  35  5:35  Drone x2  
  38  5:40  Drone  
  39  5:46  Drone  
  40  5:53  Drone  
  40  5:55  Zergling x2  
  39  6:00  Zergling x2  
  39  6:06  Drone  
  39  6:08  Roach Warren  
  39  6:12  Drone, Evolution Chamber  
  39  6:16  Drone  
  37  6:20  Lair  
  37  6:21  Drone  
  37  6:23  Extractor  
  37  6:26  Extractor  
  37  6:27  Drone  
  37  6:29  Extractor  
  37  6:31  Drone, Spine Crawler  
  36  6:34  Drone x2  
  36  6:35  Drone  
  39  6:41  Drone  
  39  6:42  Drone  
  41  6:50  Drone  
  41  6:51  Drone x2  
  41  6:52  Drone  
  45  6:55  Drone  
  47  7:01  Drone x2  
  47  7:02  Drone  
  47  7:05  Drone x2  
  51  7:16  Zergling x2  
  51  7:18  Overlord  
  51  7:21  Overlord  
  52  7:23  Spire  
  52  7:29  Queen, Evolution Chamber  
  52  7:30  Overlord  
  53  7:37  Roach x2  
  53  7:38  Roach  
  53  7:39  Roach  
  53  7:41  Glial Reconstitution  
  59  7:44  Roach  
  59  7:46  Roach  
  59  7:48  Overseer  
  59  7:51  Roach  
  65  7:55  Pneumatized Carapace  
  65  7:59  Zerg Missile Weapons Level 1  
  65  8:02  Zerg Ground Armor Level 1  
  65  8:05  Roach  
  67  8:08  Roach  
  67  8:11  Roach  
  67  8:12  Roach  
  73  8:15  Roach  
  73  8:18  Overlord  
  75  8:21  Overlord  
  75  8:26  Overlord  
  75  8:40  Mutalisk x3  
  75  8:41  Mutalisk  
  81  8:46  Mutalisk x2  
  87  8:52  Roach x2  
  91  8:56  Overlord  
  91  8:58  Overlord  
  91  9:15  Roach  
  91  9:16  Roach  
  93  9:17  Mutalisk x2  
  96  9:30  Drone  
  96  9:31  Drone x2  
  99  9:33  Drone x2  
  99  9:34  Hatchery  
  100  9:42  Hydralisk Den  
  99  9:49  Drone  
  99  9:50  Drone x3  
  103  9:56  Zerg Ground Armor Level 2, Zerg Missile Weapons Level 2  
  103  10:06  Extractor  
  102  10:08  Extractor  
  102  10:09  Roach x2  
  102  10:10  Roach  
  106  10:38  Roach  
  106  10:41  Overlord x2, Hatchery  
  107  10:43  Overlord  
  107  10:45  Overlord  
  107  10:56  Hatchery  
  106  10:57  Mutalisk  
  106  10:58  Mutalisk  
  106  11:02  Mutalisk x2  
  110  11:08  Mutalisk  
  110  11:10  Hydralisk  
  108  11:13  Hydralisk x3  
  100  11:21  Hydralisk  
  100  11:22  Hydralisk  
  100  11:27  Hydralisk  
  94  11:33  Hydralisk  
  94  11:39  Roach x3  
  86  11:47  Hydralisk x2  
  86  11:52  Hydralisk  
  92  11:54  Zergling x4  
  92  11:56  Hydralisk  
  96  12:03  Hydralisk  
  96  12:07  Hydralisk  
  100  12:11  Hydralisk x2  
  100  12:14  Drone  
  100  12:15  Hydralisk  
  105  12:16  Spore Crawler  
  105  12:19  Hydralisk  
  108  12:26  Hydralisk x2  
  112  12:31  Hydralisk  
  112  12:35  Drone x2  
  112  12:36  Drone  
  117  12:40  Hydralisk  
  113  12:52  Hydralisk  
  113  12:53  Hydralisk x2  
  113  12:56  Hydralisk  
  95  13:00  Hydralisk  
  95  13:03  Hydralisk  
  83  13:07  Hydralisk  
  83  13:11  Hydralisk  
  83  13:14  Hydralisk  
  83  13:17  Hydralisk  
  79  13:23  Drone x3  
  79  13:24  Drone  
  83  13:29  Drone x2  
  83  13:30  Drone  
  83  13:31  Drone  
  83  13:33  Drone  
  88  13:36  Drone x2  
  88  13:41  Hydralisk  
  90  13:43  Hydralisk  
  94  13:52  Drone x5  
  94  13:55  Hydralisk  
  99  13:59  Roach  
  99  14:00  Roach  
  105  14:03  Roach  
  105  14:06  Roach  
  102  14:17  Roach x2  
  102  14:20  Hydralisk x2  
  110  14:25  Hydralisk  
  110  14:29  Overlord  
  112  14:31  Overlord  
  112  14:36  Overlord x2  
  112  14:40  Extractor  
  112  14:41  Overlord, Extractor  
  110  14:47  Spore Crawler x2  
  110  14:49  Roach  
  110  14:51  Spore Crawler  
  109  14:54  Drone, Spine Crawler  
  109  14:56  Drone  
  109  14:57  Drone  
  109  14:59  Drone  
  112  15:03  Hydralisk  
  112  15:05  Hydralisk  
  116  15:10  Roach  
  116  15:11  Roach  
  122  15:14  Roach  
  122  15:16  Roach  
  122  15:19  Roach  
  126  15:22  Roach  
  126  15:23  Roach  
  126  15:27  Roach  
  134  15:28  Roach  
  134  15:31  Infestation Pit  
  134  15:34  Roach  
  135  15:36  Roach  
  135  15:37  Roach  
  135  15:39  Roach  
  135  15:41  Roach  
  141  15:43  Roach  
  141  15:45  Roach  
  141  15:47  Roach  
  141  15:49  Roach  
  149  15:51  Roach  
  149  15:57  Overlord x2  
  142  16:15  Hydralisk x4  
  142  16:16  Hydralisk  
  142  16:17  Hydralisk  
  100  16:23  Hydralisk  
  100  16:25  Hydralisk  
  100  16:29  Hydralisk  
  100  16:33  Hydralisk  
  100  16:35  Extractor  
  100  16:37  Infestor  
  83  16:42  Hydralisk  
  83  16:45  Hydralisk  
  87  16:49  Hydralisk  
  87  16:53  Hydralisk  
  91  16:57  Hydralisk  
  91  17:01  Hydralisk  
  91  17:05  Hydralisk  
  91  17:06  Drone  
  96  17:10  Infestor  
  96  17:15  Infestor  
  100  17:21  Hydralisk, Infestor  
  102  17:26  Hydralisk  
  102  17:28  Hydralisk  
  106  17:36  Hydralisk  
  106  17:40  Hydralisk  
  110  17:44  Infestor  
  112  17:58  Hydralisk  
  118  18:01  Hydralisk  
Tags
 
Add a new tag
Caveats
  • Supply blocks, unpowered buildings, or Contaminate may cause inaccurate times.
  • Supply counts are checked every 10 seconds.